 Dungeon Crawl Stone Soup version 0.18.1-48-g4cf74bf (webtiles) character file.

1682 striepan the Cleaver (level 8, -4/74 HPs)
             Began as a Minotaur Fighter on Aug 11, 2016.
             Was a Believer of Okawaru.
             Killed from afar by Melfield's ghost (21 damage)
             ... with a bolt of negative energy
             ... on level 6 of the Dungeon.
             The game lasted 00:33:48 (5739 turns).

striepan the Cleaver (Minotaur Fighter)             Turns: 5739, Time: 00:33:49

Health: -4/74      AC: 10    Str: 22    XL:     8   Next: 71%
Magic:  8/8        EV:  3    Int:  5    God:    Okawaru [**....]
Gold:   349        SH: 14    Dex: 11    Spells: 0 memorised, 7 levels left

rFire  . . .     SeeInvis .     a - +0 war axe
rCold  . . .     Gourm    .     F - +0 plate armour
rNeg   . . .     Faith    .     c - +0 shield
rPois  .         Spirit   .     (helmet restricted)
rElec  .         Dismiss  .     (no cloak)
rCorr  .         Reflect  +     (no gloves)
SustAt .         Harm     .     (no boots)
MR     .....                    H - +6 amulet of reflection
Stlth  ..........               (no ring)
                                (no ring)

@: heavily drained, not resistant to hostile enchantments, extremely unstealthy
A: retaliatory headbutt, horns 2
a: Heroism, Renounce Religion


You were on level 6 of the Dungeon.
You worshipped Okawaru.
Okawaru was pleased with you.
You were not hungry.

You visited 1 branch of the dungeon, and saw 6 of its levels.

You collected 349 gold pieces.

Inventory:

Hand Weapons
 a - a +0 war axe (weapon)
 p - a +0 dire flail
Armour
 c - a +0 shield (worn)
 s - a +0 chain mail
 F - a +0 plate armour (worn)
Jewellery
 v - an uncursed amulet of rage
 y - an uncursed amulet of the gourmand
 H - a +6 amulet of reflection (around neck)
Wands
 b - a wand of random effects (12/48)
 q - a wand of lightning (8/15)
 B - a wand of confusion (34/48)
 E - a wand of random effects (27/48)
Scrolls
 e - 2 scrolls of identify
 h - 4 scrolls of random uselessness
 k - a scroll of enchant armour {unknown}
 m - 2 scrolls of fog
 n - 3 scrolls of teleportation
 r - a scroll of enchant weapon {unknown}
 u - 2 scrolls of remove curse
 z - a scroll of blinking {unknown}
 A - a scroll of amnesia {unknown}
 I - a scroll of torment {unknown}
Potions
 d - a potion of might
 g - 5 potions of lignification
 l - 4 potions of curing
 o - a potion of resistance {unknown}
 t - 3 potions of haste {unknown}
 w - a potion of invisibility {unknown}
 x - 2 potions of brilliance {unknown}
 D - a potion of degeneration {unknown}
 G - a potion of flight {unknown}
Comestibles
 f - 5 bread rations
 i - 3 meat rations
 j - 2 slices of pizza
 C - 2 beef jerkies


   Skills:
 - Level 8.0(6.3) Fighting
 + Level 10.9(9.0) Axes
 * Level 3.6(2.1) Armour
 - Level 3.6(2.1) Shields
 - Level 2.4(1.0) Invocations


You had 7 spell levels left.
You didn't know any spells.

Dungeon Overview and Level Annotations

Branches:
Dungeon (6/15)
 Temple: D:4-7

Altars:
Cheibriados
Gozag
Okawaru
Trog

Shops:
D:6 [

Annotations:
D:6 Melfield's ghost, novice DrBe


Innate Abilities, Weirdness & Mutations

You reflexively headbutt those who attack you in melee.
You have a pair of horns on your head.


Message History

Melfield's ghost is moderately damaged.
You hit Melfield's ghost but do no damage.
Melfield's ghost is moderately damaged.
You feel like a meek peon again. Melfield's ghost hits you.
You miss Melfield's ghost. Your headbutt misses Melfield's ghost.
Melfield's ghost is moderately damaged.
Melfield's ghost hits you.
You hit Melfield's ghost. Your headbutt misses Melfield's ghost.
Melfield's ghost is moderately damaged.
Melfield's ghost hits you. Melfield's ghost hits you.
You see here a giant newt skeleton.
Melfield's ghost breathes negative energy at you.
The bolt of negative energy hits you!
You feel drained.
* * * LOW HITPOINT WARNING * * *
You hear the rapid rusting of a distant drain.
Melfield's ghost breathes negative energy at you.
The bolt of negative energy hits you!
You feel drained.
You die...

### #.. .# #.# .#
#.# ####.##
####.########.....#
#.@..W.............
#.##.########.....#
#.##.# #.....#.##
#.##.# #.##รท.#.##
#<##.# # #......
#.##.#####.##..#?#.
#.##..............#
#.########.##.###.#
#.#..[.....####....


You could see Melfield's ghost.

Vanquished Creatures
  The ghost of Melfield the Skirmisher, an amateur DrBe of Trog (D:4)
  An ice beast (D:6)
  A phantom (D:5)
  A sky beast (D:5)
  2 ogres
  A centaur (D:5)
  A gnoll sergeant (D:6)
  A giant frog (D:6)
  A crimson imp (D:4)
  A centaur zombie (D:6)
  A hound (D:5)
  2 jellies (D:5)
  2 orc priests (D:3)
  4 orc wizards
  An iguana (D:4)
  9 worker ants
  The ghost of Melfield the Skirmisher, a weakling DrBe of Trog (D:3)
  7 gnolls
  11 adders
  4 shadow imps
  2 oozes
  An adder skeleton (D:4)
  3 worms
  A dart slug (D:2)
  4 giant geckos
  9 orcs
  A ball python (D:4)
  9 bats
  A giant cockroach (D:1)
  7 goblins
  8 hobgoblins
  16 jackals
  10 kobolds
  5 quokkas
  5 giant newts
  7 rats
142 creatures vanquished.

Notes
Turn   | Place    | Note
--------------------------------------------------------------
     0 | D:1      | striepan the Minotaur Fighter began the quest for the Orb.
     0 | D:1      | Reached XP level 1. HP: 19/19 MP: 0/0
    31 | D:1      | Reached skill level 3 in Axes
   126 | D:1      | Reached XP level 2. HP: 26/26 MP: 1/1
   630 | D:1      | Reached skill level 4 in Axes
   947 | D:2      | Reached XP level 3. HP: 31/31 MP: 2/2
   989 | D:2      | Found a faded altar to an unknown god.
  1153 | D:2      | Reached skill level 5 in Axes
  1633 | D:2      | Reached XP level 4. HP: 39/39 MP: 3/3
  1974 | D:3      | Noticed Melfield's ghost (weakling DrBe)
  2040 | D:3      | Killed Melfield's ghost
  2157 | D:3      | Reached skill level 6 in Axes
  2161 | D:3      | Reached XP level 5. HP: 28/45 MP: 4/4
  2166 | D:3      | Reached skill level 7 in Axes
  2936 | D:3      | Found an iron altar of Okawaru.
  2991 | D:3      | Became a worshipper of Warmaster Okawaru
  3113 | D:4      | Noticed an ogre
  3118 | D:4      | Killed an ogre
  3118 | D:4      | Reached skill level 8 in Axes
  3118 | D:4      | Reached XP level 6. HP: 27/51 MP: 5/5
  3251 | D:4      | Noticed Melfield's ghost (amateur DrBe)
  3479 | D:4      | Killed Melfield's ghost
  3479 | D:4      | Reached * piety under Okawaru
  3479 | D:4      | Reached skill level 9 in Axes
  3479 | D:4      | Reached XP level 7. HP: 51/57 MP: 6/6
  3979 | D:4      | Reached skill level 5 in Fighting
  3988 | D:5      | Entered Level 5 of the Dungeon
  4003 | D:5      | Reached skill level 1 in Invocations
  4462 | D:5      | Found a snail-covered altar of Cheibriados.
  4465 | D:5      | Found a bloodstained altar of Trog.
  4736 | D:5      | Reached XP level 8. HP: 71/71 MP: 5/8
  4758 | D:5      | Reached ** piety under Okawaru
  5169 | D:6      | Found Raotith's Armour Boutique.
  5217 | D:6      | Found an opulent altar of Gozag.
  5261 | D:6      | Reached skill level 10 in Axes
  5708 | D:6      | Noticed Melfield's ghost (novice DrBe)
  5739 | D:6      | Killed from afar by Melfield's ghost

Skill      XL: |  1  2  3  4  5  6  7  8 |
---------------+-------------------------+-----
Axes           | 3 4 5 6 8 9 10 | 10.9
Fighting       | 6 8 |  8.0
Invocations    | 2 |  2.4
Armour         | |  3.6
Shields        | |  3.6

Action                   |  1- 3 |  4- 6 |  7- 9 || total
-------------------------+-------+-------+-------++-------
Melee: War axe           |    95 |   127 |   240 ||   462
       Headbutt          |    18 |    27 |    36 ||    81
Invok: Heroism           |       |       |     3 ||     3
 Abil: Evoke Berserk Rag |       |       |     1 ||     1
  Use: Scroll            |     2 |       |     3 ||     5
       Potion            |     2 |       |       ||     2
  Eat: Chunk             |     2 |     5 |     7 ||    14
       Beef jerky        |       |     1 |     1 ||     2
Armor: Scale mail        |    32 |       |       ||    32
       Chain mail        |       |    43 |    95 ||   138
       Plate armour      |       |       |     1 ||     1
Dodge: Dodged            |    19 |    26 |    27 ||    72
Block: Shield            |    48 |    73 |    93 ||   214
